Map: Cerulean Fall LE

Players

MintDogQuora

  • Race: Zerg Zerg
  • League: Master
  • Spawn Location: 7:00

ViBE - Winner!

  • Race: Zerg Zerg
  • League: Master
  • Spawn Location: 1:00

VOD

Have the link to the VOD?

Description

Time

  • Played on: Dec. 12, 2018, 12:52 a.m.
  • Length: 5:50
Show
View Real Time Build Order
Export as new Build Order

MintDogQuora Zerg 

Build Orders: Pool First 

Get SALT Encoding   

  12  0:00  Drone  
  13  0:12  Overlord  
  13  0:17  Drone  
  14  0:30  Drone x2  
  14  0:35  Drone  
  17  0:41  Extractor  
  16  0:46  Spawning Pool  
  15  0:51  Drone  
  15  0:56  Drone  
  17  1:20  Hatchery  
  17  1:24  Drone  
  17  1:27  Drone  
  17  1:30  Drone  
  19  1:42  Metabolic Boost  
  19  1:50  Queen  
  21  2:02  Overlord  
  21  2:05  Zergling x2  
  22  2:12  Baneling Nest  
  22  2:14  Zergling x2  
  22  2:23  Drone  
  22  2:29  Queen  
  25  2:34  Drone x2  
  27  2:44  Zergling x4  
  29  2:51  Zergling x2  
  30  3:03  Baneling  
  30  3:05  Zergling x12  
  35  3:11  Baneling  
  36  3:17  Overlord  
  36  3:18  Overlord  
  35  3:27  Overlord  
  35  3:32  Lair  
  35  3:42  Drone x3  
  35  3:48  Zergling x4  
  34  3:56  Drone x3  
  34  3:59  Drone  
  34  4:01  Drone  
  39  4:07  Drone  
  39  4:16  Drone x2  
  41  4:21  Extractor  
  41  4:22  Extractor  
  41  4:23  Drone x2, Extractor  
  40  4:30  Drone x4  
  40  4:31  Drone  
  45  4:32  Drone  
  46  4:42  Spire  
  45  4:47  Drone x3  
  45  4:52  Overlord  
  47  4:59  Spine Crawler  
  46  5:01  Spine Crawler  
  46  5:03  Baneling  
  45  5:08  Drone  
  45  5:09  Drone x2, Spine Crawler  
  45  5:10  Drone  
  48  5:16  Overlord  
  48  5:17  Drone x2  
  48  5:19  Drone  
  51  5:22  Overseer  
  51  5:28  Overseer  
  51  5:34  Spine Crawler  
Show
View Real Time Build Order
Export as new Build Order

ViBE Zerg - Winner!

Build Orders: Hatch First, Roach Nydus 

Get SALT Encoding   

  12  0:01  Drone  
  13  0:13  Overlord  
  13  0:18  Drone  
  14  0:31  Drone x2  
  16  0:36  Drone  
  17  0:53  Hatchery  
  17  0:56  Drone  
  17  1:10  Spawning Pool  
  16  1:12  Drone  
  16  1:16  Drone  
  18  1:20  Drone  
  19  1:29  Drone  
  20  1:34  Extractor  
  19  1:57  Overlord  
  19  1:59  Queen  
  21  2:05  Queen  
  21  2:07  Drone x3  
  26  2:18  Drone x2  
  26  2:22  Spine Crawler  
  27  2:24  Drone  
  27  2:29  Drone  
  29  2:33  Drone  
  30  2:41  Lair  
  30  2:42  Queen  
  30  2:43  Drone  
  33  2:44  Drone  
  34  2:57  Evolution Chamber  
  33  3:01  Drone x2  
  33  3:02  Roach Warren  
  34  3:07  Evolution Chamber  
  34  3:10  Drone x2  
  35  3:16  Overlord  
  35  3:24  Zerg Missile Weapons Level 1  
  35  3:25  Drone  
  36  3:30  Spine Crawler  
  35  3:36  Extractor, Overlord  
  35  3:38  Drone x3  
  35  3:39  Drone  
  38  3:51  Evolution Chamber  
  38  3:55  Roach x4  
  44  4:10  Drone x5, Extractor  
  48  4:28  Drone x3  
  48  4:29  Overlord x4  
  51  4:32  Drone  
  52  4:41  Overlord x2  
  52  4:48  Nydus Network  
  51  4:55  Queen  
  51  4:56  Queen  
  51  4:59  Roach  
  57  5:00  Roach  
  57  5:02  Roach  
  63  5:07  Roach  
  63  5:08  Roach  
  63  5:10  Roach  
  67  5:16  Roach x2  
  71  5:21  Roach  
  71  5:22  Roach  
  75  5:28  Nydus Canal  
Tags
 
Add a new tag
Caveats
  • Supply blocks, unpowered buildings, or Contaminate may cause inaccurate times.
  • Supply counts are checked every 10 seconds.